Map: Backcountry

Players

Amix - Winner!

  • Race: Zerg Zerg
  • Spawn Location: 11:00

EgalAcc - Winner!

  • Race: Zerg Zerg
  • Spawn Location: 9:00

Sorhey - Winner!

  • Race: Terran Terran
  • Spawn Location: 11:00

A.I. 3 (Hard)

  • Race: Zerg Zerg
  • Spawn Location: 5:00

A.I. 4 (Very Hard)

  • Race: Protoss Protoss
  • Spawn Location: 5:00

A.I. 5 (Harder)

  • Race: Protoss Protoss
  • Spawn Location: 5:00

VOD

Have the link to the VOD?

Description

Time

  • Played on: Nov. 25, 2016, 4:17 p.m.
  • Length: 18:15
Show
View Real Time Build Order
Export as new Build Order

Amix Zerg - Winner!

Build Orders: Hatch First 

Get SALT Encoding   

  12  0:01  Drone  
  13  0:08  Drone  
  14  0:18  Overlord  
  14  0:28  Drone, Extractor  
  15  0:36  Drone  
  15  0:37  Drone  
  17  0:57  Drone  
  17  1:01  Hatchery  
  17  1:02  Extractor  
  17  1:03  Drone  
  17  1:17  Spawning Pool  
  16  1:21  Drone  
  16  1:25  Drone  
  18  1:32  Drone  
  19  1:38  Drone  
  20  1:49  Drone  
  21  2:14  Drone x2  
  21  2:15  Drone, Hatchery  
  24  2:21  Extractor  
  22  2:25  Roach Warren  
  22  2:39  Hatchery  
  21  2:44  Drone x5  
  26  2:53  Queen  
  28  3:05  Overlord x2  
  28  3:21  Extractor  
  28  3:22  Drone, Extractor  
  28  3:23  Drone, Queen  
  32  3:27  Drone x2  
  32  3:28  Drone  
  32  3:29  Drone  
  36  3:37  Lair  
  36  3:51  Queen  
  36  3:55  Roach  
  40  3:57  Roach x2  
  40  4:00  Roach  
  40  4:02  Roach  
  48  4:06  Drone  
  49  4:10  Overlord  
  49  4:27  Overlord x2  
  49  4:28  Queen  
  49  4:29  Roach x2  
  55  4:37  Drone  
  55  4:38  Drone x2  
  58  4:45  Overlord  
  58  4:46  Overlord  
  58  4:48  Roach x2  
  58  4:51  Glial Reconstitution  
  62  5:00  Queen  
  64  5:26  Overlord x3  
  64  5:27  Roach x3  
  64  5:28  Roach x4  
  78  5:48  Drone x5  
  78  5:49  Drone x5  
  88  5:58  Extractor  
  88  5:59  Evolution Chamber x2, Extractor  
  88  6:01  Drone x4  
  88  6:03  Drone  
  89  6:16  Drone  
  89  6:17  Drone x6  
  96  6:30  Zerg Ground Armor Level 1, Zerg Missile Weapons Level 1  
  96  6:37  Drone x9  
  105  6:40  Extractor  
  105  6:42  Extractor  
  103  6:50  Ravager  
  103  6:51  Ravager x4  
  103  6:53  Roach  
  103  6:54  Roach x2  
  114  7:20  Overlord x7  
  114  7:23  Overlord  
  114  7:24  Overlord  
  114  7:42  Hatchery  
  114  7:43  Zergling x2  
  116  7:44  Roach x4  
  116  7:45  Roach  
  124  7:59  Roach x4  
  124  8:00  Roach, Hatchery  
  124  8:05  Infestation Pit  
  132  8:06  Drone x5  
  137  8:17  Infestation Pit  
  136  8:21  Drone x4  
  140  8:32  Zerg Missile Weapons Level 2  
  140  8:34  Zerg Ground Armor Level 2  
  140  8:35  Roach  
  140  8:36  Roach x5  
  140  8:38  Queen x2, Zergling x2  
  110  9:25  Drone x2  
  110  9:26  Drone x7, Overlord x6  
  110  9:27  Overlord x3  
  110  9:30  Drone  
  110  9:31  Drone x5  
  121  9:56  Ravager  
  121  9:57  Ravager x5  
  121  9:58  Ravager x6  
  121  9:59  Ravager x4  
  137  10:05  Hive  
  135  10:08  Tunneling Claws, Queen  
  137  10:25  Hydralisk Den  
  137  10:26  Extractor  
  135  10:28  Extractor  
  135  10:34  Drone x3  
  135  10:35  Drone x6  
  143  10:58  Hydralisk x3  
  143  10:59  Hydralisk x8  
  143  11:00  Hydralisk x2  
  155  11:38  Hydralisk x5  
  155  11:39  Hydralisk x9  
  175  11:40  Hydralisk x2  
  175  11:44  Zerg Missile Weapons Level 3  
  187  12:15  Grooved Spines  
  187  12:28  Hydralisk x6  
  199  12:57  Hatchery  
  116  13:26  Hydralisk  
  116  13:27  Hydralisk x17  
  125  13:41  Spine Crawler  
  124  13:54  Muscular Augments  
  124  13:55  Roach  
  126  13:56  Roach x8  
  126  13:57  Roach  
  144  14:17  Roach x5  
  144  14:18  Roach x8  
  144  14:19  Hydralisk x2  
  174  14:31  Drone x8  
  177  14:34  Roach x3  
  177  14:35  Roach x2  
  192  15:08  Overseer x2  
  192  15:10  Overlord x4  
  192  15:11  Roach x4  
  180  15:59  Roach x2  
  180  16:00  Roach x8  
Show
View Real Time Build Order
Export as new Build Order

EgalAcc Zerg - Winner!

Build Orders: Pool First 

Get SALT Encoding   

  12  0:01  Drone  
  13  0:13  Overlord  
  13  0:19  Drone  
  14  0:32  Drone x2  
  14  0:35  Drone  
  17  0:46  Drone  
  17  0:49  Extractor  
  17  0:55  Spawning Pool  
  16  0:59  Drone  
  17  1:08  Drone  
  18  1:17  Drone  
  19  1:23  Extractor  
  18  1:31  Drone  
  19  1:47  Drone  
  19  1:50  Metabolic Boost  
  19  1:52  Zergling x2  
  21  2:01  Queen, Hatchery  
  22  2:09  Overlord  
  22  2:27  Zergling x4  
  24  2:44  Zergling x4  
  24  2:48  Roach Warren  
  25  3:22  Lair  
  25  3:28  Overlord  
  25  3:30  Roach x4  
  25  3:33  Drone  
  34  3:34  Drone  
  35  3:43  Overlord  
  35  3:55  Queen  
  37  4:25  Hydralisk Den  
  37  4:26  Drone x3  
  37  4:28  Drone x3  
  42  4:36  Glial Reconstitution  
  42  5:07  Hatchery  
  42  5:08  Roach x2  
  42  5:09  Roach  
  44  5:39  Hydralisk x4  
  51  5:43  Overlord  
  51  5:44  Overlord  
  51  6:00  Grooved Spines  
  51  6:28  Drone  
  51  6:29  Queen  
  51  6:32  Hydralisk x5  
  60  6:57  Drone x3  
  59  7:14  Hatchery  
  58  7:21  Overseer  
  58  7:34  Muscular Augments  
  58  7:37  Drone x3  
  58  7:44  Evolution Chamber  
  60  8:03  Hydralisk x3  
  60  8:04  Hydralisk  
  68  8:05  Overlord x2  
  68  8:33  Hatchery  
  67  8:40  Drone x2  
  69  8:59  Hydralisk  
  69  9:00  Hydralisk x5  
  81  9:08  Overlord  
  71  9:18  Zerg Ground Armor Level 1  
  65  9:26  Hydralisk x3  
  65  9:28  Hydralisk  
  73  9:45  Queen  
  75  10:05  Hydralisk x2, Overlord  
  75  10:06  Hydralisk x3  
  85  10:07  Hydralisk x2  
  91  10:22  Drone x2  
  91  10:34  Drone x3  
  94  10:46  Pneumatized Carapace  
  94  10:51  Drone  
  95  11:01  Drone x3  
  98  11:13  Extractor  
  62  11:33  Hydralisk  
  62  11:34  Hydralisk x11  
  62  11:35  Hydralisk  
  62  11:37  Zergling x12  
  94  11:42  Drone  
  94  11:43  Drone x2  
  94  11:44  Queen  
  99  12:08  Spore Crawler  
  98  12:21  Hydralisk x5  
  88  12:42  Hydralisk x2  
  88  12:43  Hydralisk  
  88  12:44  Overlord  
  94  12:52  Overlord  
  94  12:53  Hydralisk  
  94  12:55  Zergling x4  
  94  12:56  Zergling x6  
  101  13:17  Zerg Missile Weapons Level 1  
  101  13:54  Drone x2  
  101  13:55  Drone  
  104  14:04  Extractor  
  104  14:07  Extractor  
  90  14:21  Hydralisk  
  90  14:22  Hydralisk x2  
  90  14:23  Hydralisk x2  
  90  14:24  Hydralisk  
  102  15:08  Hatchery  
  97  15:16  Hydralisk  
  97  15:19  Overlord  
  97  15:20  Overlord, Zergling x24  
  97  15:21  Zergling x4  
  102  16:00  Hydralisk  
  104  16:14  Extractor  
  104  16:17  Drone x2, Extractor  
  104  16:25  Drone  
  104  16:26  Drone x2  
  104  16:44  Hydralisk  
  104  16:45  Hydralisk  
  96  17:57  Zergling x2  
  96  17:58  Zergling x14  
Show
View Real Time Build Order
Export as new Build Order

Sorhey Terran - Winner!

Build Orders:  

Get SALT Encoding   

  12  0:05  SCV  
  13  0:24  SCV  
  13  0:28  Supply Depot  
  14  0:40  SCV  
  14  0:41  Engineering Bay  
  15  0:50  Supply Depot  
  15  0:56  SCV  
  16  1:00  Refinery  
  16  1:08  SCV  
  17  1:18  Supply Depot  
  17  1:19  Barracks  
  17  1:23  SCV  
  18  1:35  SCV  
  19  1:42  Barracks  
  19  1:47  SCV  
  19  1:50  Refinery  
  20  1:59  SCV  
  21  2:11  SCV  
  21  2:14  Marine  
  23  2:24  Factory  
  23  2:32  Marine  
  24  2:47  Command Center  
  24  2:50  Marine  
  25  3:08  SCV  
  26  3:20  Barracks Tech Lab  
  26  3:26  Factory Tech Lab  
  26  3:29  SCV  
  27  3:39  Barracks Reactor  
  27  3:41  SCV  
  27  3:43  Sensor Tower  
  28  3:53  SCV  
  28  3:55  Marauder  
  31  4:02  Refinery  
  31  4:05  SCV  
  32  4:15  Sensor Tower  
  32  4:16  Marauder  
  34  4:18  SCV  
  35  4:26  Sensor Tower  
  35  4:30  SCV  
  36  4:34  Siege Tank  
  36  4:36  Marine x2  
  41  4:54  Marine x2  
  41  4:55  Marine  
  41  4:58  Refinery  
  44  5:03  SCV  
  45  5:12  Command Center  
  45  5:13  Marine  
  46  5:17  Siege Tank  
  49  5:43  Marine  
  49  5:46  Marauder  
  49  5:47  Marine  
  53  5:59  Armory  
  53  6:01  Marine  
  53  6:03  Supply Depot  
  54  6:06  Supply Depot  
  54  6:07  Supply Depot  
  54  6:10  Supply Depot  
  54  6:24  Marauder  
  56  6:28  Supply Depot  
  56  6:29  Supply Depot  
  56  6:34  Supply Depot  
  56  6:36  SCV  
  57  6:48  SCV  
  58  7:27  Refinery  
  58  7:50  Marauder, Marine  
  58  7:51  Marine  
  62  7:56  Supply Depot  
  62  7:57  Supply Depot  
  62  7:59  Supply Depot  
  62  8:01  Supply Depot  
  62  8:08  Marine  
  62  8:09  Marine  
  62  8:10  SCV  
  62  8:11  Marauder  
  67  8:14  Orbital Command  
  67  8:17  Stimpack  
  67  8:26  Marine x2, Barracks  
  69  8:33  Marauder  
  71  8:40  Starport  
  71  8:44  Marine x2  
  73  8:52  Barracks  
  73  8:54  Marauder  
  73  9:15  Marauder  
  74  9:28  Starport Reactor  
  74  9:43  Barracks Reactor  
  74  10:15  Starport  
  74  10:18  Combat Shields  
  74  10:27  Terran Infantry Weapons Level 1  
  74  10:32  Terran Vehicle Weapons Level 1  
  74  10:33  Engineering Bay  
  74  11:14  Medivac x2  
  76  11:44  Medivac x2  
  80  12:14  Medivac x2  
  84  12:22  Terran Infantry Armor Level 1  
  84  12:28  Barracks Reactor  
  84  12:32  Marine x2  
  84  12:33  Marauder, Marine x2  
  90  12:37  Terran Infantry Weapons Level 2  
  90  12:41  Starport Tech Lab  
  90  12:44  Medivac x2  
  90  12:50  Marine x2, Missile Turret  
  90  12:51  Marine x2  
  96  12:53  Missile Turret  
  96  12:54  Marauder  
  100  12:59  Missile Turret  
  100  13:08  Marine x2  
  100  13:09  Marine x2  
  104  13:14  Medivac  
  104  13:15  Marine  
  104  13:16  Marauder, Marine  
  110  13:25  Marine  
  110  13:26  Marine x2  
  110  13:27  Marine  
  113  13:33  Marine  
  113  13:34  Marine  
  115  13:37  Marauder  
  118  13:43  Marine x2  
  118  13:44  Marine x2  
  121  13:51  Marine x2  
  123  13:58  Marine  
  123  14:01  Marine x2  
  123  14:02  Marine x2  
  127  14:09  Marine  
  129  14:11  Unknown  
  129  14:13  Unknown  
  129  14:15  Unknown  
  129  14:16  Marauder  
  129  14:38  Marauder  
  127  14:43  Unknown  
  126  14:50  Unknown  
  126  15:00  Medivac x2  
  130  15:30  Medivac  
  132  15:41  Command Center  
  132  15:43  Refinery  
  132  15:52  Terran Infantry Armor Level 2  
  132  16:00  Refinery  
  132  16:08  Orbital Command  
  132  16:13  Marine x3  
  132  16:14  Marauder  
  132  16:15  Marine x3  
  140  16:20  Supply Depot  
  140  16:22  Supply Depot  
  140  16:23  Supply Depot  
  140  16:31  Marine x2  
  140  16:32  Supply Depot  
  142  16:35  Marauder  
  144  16:57  Marauder, Sensor Tower  
  144  16:58  Marine x2  
  144  16:59  Marine x2  
  150  17:14  Marine  
  150  17:15  Marine  
  152  17:18  Marauder  
  153  17:40  Marauder  
  155  17:48  Unknown  
Show
View Real Time Build Order
Export as new Build Order

A.I. 3 (Hard) Zerg 

Build Orders: Pool First 

Get SALT Encoding   

  12  0:01  Drone  
  13  0:12  Overlord  
  13  0:16  Drone  
  14  0:30  Drone  
  14  0:31  Drone  
  16  0:42  Spawning Pool  
  16  0:45  Drone  
  16  0:48  Drone  
  17  0:52  Extractor  
  17  0:55  Drone  
  17  1:05  Overlord  
  17  1:31  Queen, Zergling x2  
  20  1:37  Zergling x2  
  20  1:38  Drone, Roach Warren  
  21  1:45  Extractor  
  20  1:49  Drone  
  21  1:59  Drone  
  22  2:12  Drone  
  23  2:20  Overlord  
  23  2:31  Drone  
  24  2:38  Roach  
  24  2:44  Overlord  
  26  2:45  Roach  
  28  2:51  Roach  
  28  2:58  Roach  
  34  3:05  Roach  
  34  3:10  Overlord  
  34  3:12  Drone, Roach  
  37  3:17  Drone  
  38  3:28  Drone  
  38  3:30  Baneling Nest  
  38  3:37  Evolution Chamber  
  38  3:39  Roach  
  39  3:42  Drone  
  39  3:44  Drone  
  39  3:45  Roach  
  43  3:51  Drone  
  44  4:01  Drone  
  45  4:13  Drone, Zergling x2  
  46  5:00  Lair  
  46  5:01  Baneling, Overlord  
  46  5:02  Zerg Melee Weapons Level 1  
  46  5:03  Drone, Evolution Chamber  
  46  5:06  Zergling x2  
  47  5:24  Hatchery  
  46  5:29  Zerg Ground Armor Level 1  
  29  5:42  Drone  
  29  5:45  Zergling x2  
  30  5:51  Zergling x2  
  31  5:57  Zergling x2  
  31  5:58  Burrow  
  31  6:03  Zergling x2  
  33  6:04  Spire  
  33  6:09  Baneling, Zergling x2  
  33  6:11  Metabolic Boost  
  33  6:36  Drone  
  33  6:38  Drone, Spore Crawler  
  33  6:39  Drone  
  35  6:41  Drone  
  35  6:42  Drone  
  35  6:44  Drone  
  35  6:46  Drone  
  39  6:47  Drone  
  39  6:53  Drone  
  41  6:56  Drone, Zerg Missile Weapons Level 1, Extractor  
  41  6:59  Drone  
  42  7:02  Drone  
  42  7:04  Drone  
  42  7:07  Drone  
  45  7:14  Drone  
  46  7:18  Drone  
  46  7:22  Overseer  
  47  7:23  Mutalisk  
  47  7:25  Drone  
  47  7:26  Drone, Overseer  
  47  7:29  Mutalisk  
  51  7:30  Overlord  
  54  7:37  Drone  
  54  7:39  Spore Crawler  
  54  7:40  Drone  
  54  7:47  Drone, Spore Crawler  
  54  7:50  Drone, Spore Crawler  
  54  7:55  Mutalisk  
  54  7:56  Queen  
  54  7:57  Drone  
  60  7:58  Drone  
  60  8:00  Drone  
  60  8:01  Mutalisk  
  63  8:10  Overlord  
  63  8:11  Mutalisk  
  63  8:12  Spine Crawler  
  64  8:17  Spine Crawler  
  63  8:20  Drone, Spine Crawler  
  63  8:23  Drone, Spine Crawler  
  63  8:27  Mutalisk  
  63  8:28  Drone  
  63  8:29  Drone  
  63  8:31  Queen  
  63  8:32  Drone  
  70  8:38  Hydralisk Den  
  70  8:39  Drone  
  70  8:42  Infestation Pit  
  70  8:44  Drone  
  70  8:51  Roach  
  72  8:56  Roach  
  72  8:57  Overlord  
  72  9:02  Roach  
  76  9:04  Hatchery  
  76  9:07  Roach  
  76  9:12  Overseer  
  76  9:15  Roach  
  78  9:18  Overlord  
  78  9:19  Hydralisk  
  78  9:23  Hydralisk  
  79  9:27  Hydralisk  
  79  9:29  Pneumatized Carapace  
  69  9:34  Overseer  
  69  9:37  Overseer, Zergling x2  
  70  9:42  Roach  
  72  9:46  Roach  
  72  9:49  Overlord  
  72  9:51  Roach  
  75  9:55  Roach  
  75  9:59  Roach  
  79  10:03  Hydralisk  
  81  10:08  Hydralisk  
  81  10:09  Overlord  
  81  10:11  Overseer  
  83  10:15  Infestor  
  83  10:18  Drone  
  83  10:19  Drone, Hydralisk  
  90  10:21  Drone  
  90  10:27  Drone, Overlord  
  91  10:29  Drone  
  91  10:31  Drone  
  91  10:33  Drone  
  91  10:35  Drone  
  95  10:36  Drone  
  95  10:38  Drone  
  95  10:39  Overseer  
  95  10:42  Overlord  
  97  10:45  Drone  
  98  10:50  Zerg Melee Weapons Level 2  
  98  11:00  Zerg Ground Armor Level 2  
  98  11:01  Drone, Overlord  
  98  11:02  Drone  
  98  11:04  Drone  
  101  11:05  Drone  
  102  11:14  Extractor  
  102  11:16  Drone, Extractor  
  101  11:19  Drone, Overlord  
  101  11:20  Extractor  
  101  11:22  Drone  
  102  11:34  Spore Crawler  
  102  11:35  Drone  
  102  11:37  Drone, Queen  
  102  11:38  Pathogen Glands, Spore Crawler  
  104  11:41  Drone  
  104  11:46  Glial Reconstitution  
  105  11:53  Zerg Flyer Weapons Level 1  
  105  12:05  Spine Crawler  
  105  12:07  Drone  
  105  12:08  Spine Crawler  
  104  12:10  Drone  
  104  12:12  Spine Crawler  
  104  12:14  Zergling x2  
  99  12:21  Hive  
  99  12:47  Overlord  
  99  13:02  Zergling x2  
  99  13:07  Overlord  
  99  13:10  Drone  
  99  13:12  Drone  
  91  13:14  Drone  
  91  13:15  Drone  
  91  13:18  Hydralisk  
  91  13:19  Hatchery  
  74  13:25  Hydralisk  
  76  13:29  Drone  
  76  13:33  Hydralisk  
  79  13:39  Ultralisk Cavern  
  79  13:41  Drone, Hydralisk  
  79  13:48  Hydralisk, Hatchery  
  82  13:56  Infestor  
  82  13:58  Zerg Missile Weapons Level 2  
  84  14:11  Zerg Flyer Armor Level 1  
  84  14:16  Hydralisk  
  82  14:23  Hydralisk  
  88  14:31  Ultralisk  
  88  14:38  Ultralisk  
  91  14:46  Zergling x2  
  91  14:50  Overseer  
  91  14:51  Overlord  
  92  14:53  Hydralisk  
  94  15:01  Ultralisk  
  100  15:08  Ultralisk  
  106  15:15  Ultralisk  
  106  15:17  Hatchery  
  111  15:23  Ultralisk  
  117  15:33  Zergling x2  
  103  15:41  Hydralisk  
  93  15:48  Hydralisk  
  95  15:55  Hydralisk  
  97  15:58  Zergling x2  
  97  16:01  Zergling x2  
  97  16:02  Hatchery  
  97  16:03  Baneling, Mutalisk  
  98  16:04  Baneling  
  98  16:06  Zergling x2  
  98  16:09  Overlord, Zergling x2  
  102  16:12  Zergling x2  
  102  16:14  Zergling x2  
  102  16:16  Zergling x2  
  81  16:18  Zergling x2  
  81  16:20  Mutalisk  
  81  16:23  Zergling x2  
  84  16:26  Zergling x2  
  84  16:28  Mutalisk  
  84  16:31  Hydralisk, Baneling x2  
  88  16:34  Zergling x2  
  88  16:37  Zergling x2  
  78  16:40  Zergling x2  
  78  16:42  Zergling x2  
  78  16:45  Zergling x2  
  77  16:47  Zergling x2  
  77  16:50  Zergling x2  
  81  16:54  Roach  
  81  16:57  Hydralisk  
  81  17:01  Hydralisk  
  78  17:08  Overlord  
  72  17:19  Evolution Chamber  
  72  17:20  Drone x11  
  69  17:26  Drone x4  
  69  17:27  Drone x2  
  69  17:29  Drone  
  66  17:33  Overseer  
  42  17:49  Drone  
  17  17:52  Drone  
  18  18:00  Drone  
Show
View Real Time Build Order
Export as new Build Order

A.I. 4 (Very Hard) Protoss 

Build Orders: Blink Stalkers, Zealot Archon 

Get SALT Encoding   

  12  0:01  Probe (Chrono Boost)  
  13  0:12  Probe (Chrono Boost)  
  14  0:21  Pylon  
  14  0:22  Probe (Chrono Boost)  
  15  0:39  Probe (Chrono Boost)  
  16  0:47  Assimilator  
  17  0:50  Probe (Chrono Boost)  
  17  0:51  Gateway  
  17  1:00  Probe (Chrono Boost), Pylon  
  18  1:11  Probe (Chrono Boost)  
  19  1:21  Probe (Chrono Boost)  
  20  1:32  Probe (Chrono Boost)  
  21  1:37  Assimilator  
  21  1:38  Zealot  
  21  1:41  Cybernetics Core  
  21  1:43  Probe (Chrono Boost)  
  25  1:55  Probe (Chrono Boost)  
  25  2:05  Probe (Chrono Boost)  
  26  2:10  Pylon  
  26  2:13  Warp Gate  
  26  2:16  Stalker  
  26  2:17  Probe (Chrono Boost)  
  26  2:22  Twilight Council  
  29  2:35  Gateway  
  29  2:36  Probe (Chrono Boost)  
  30  2:45  Stalker  
  30  2:49  Probe (Chrono Boost)  
  33  2:56  Blink  
  33  3:08  Gateway  
  33  3:14  Probe (Chrono Boost)  
  33  3:15  Stalker  
  35  3:29  Stalker  
  35  3:31  Pylon  
  37  3:36  Probe (Chrono Boost)  
  38  3:48  Stalker  
  38  3:50  Probe (Chrono Boost)  
  41  3:58  Stalker x2  
  45  4:08  Pylon  
  45  4:25  Pylon  
  45  4:27  Stalker  
  45  4:28  Templar Archives  
  47  4:47  Zealot  
  49  5:07  High Templar  
  51  5:14  Zealot  
  53  5:21  High Templar  
  55  5:33  Adept  
  57  5:36  Archon  
  57  5:37  Zealot  
  57  5:38  Nexus, Pylon  
  59  5:54  High Templar  
  61  6:22  High Templar  
  63  6:38  Archon  
  63  6:45  Pylon  
  63  6:49  High Templar  
  63  6:50  Zealot  
  63  6:51  Zealot  
  63  6:52  Probe (Chrono Boost)  
  63  6:53  Probe (Chrono Boost)  
  71  7:04  Probe x2 (Chrono Boost)  
  73  7:09  Zealot  
  73  7:10  Zealot  
  78  7:15  Probe (Chrono Boost)  
  78  7:19  Zealot, Nexus, Assimilator  
  78  7:21  Probe (Chrono Boost)  
  81  7:25  Pylon  
  81  7:27  Probe (Chrono Boost), Assimilator  
  81  7:28  Zealot, High Templar  
  86  7:32  Probe (Chrono Boost)  
  87  7:38  Zealot  
  87  7:39  Probe (Chrono Boost)  
  91  7:44  Probe (Chrono Boost)  
  91  7:47  Adept  
  91  7:49  Pylon  
  91  7:50  Probe (Chrono Boost)  
  94  7:55  Robotics Facility, Probe (Chrono Boost)  
  94  7:58  Zealot  
  97  7:59  Sentry  
  97  8:01  Probe (Chrono Boost)  
  97  8:03  Archon  
  100  8:07  Probe (Chrono Boost)  
  100  8:11  High Templar, Pylon  
  104  8:13  Probe (Chrono Boost)  
  104  8:25  High Templar  
  106  8:28  Zealot  
  106  8:32  Pylon  
  106  8:34  Probe (Chrono Boost)  
  109  8:35  Probe (Chrono Boost)  
  109  8:38  Probe (Chrono Boost), Assimilator  
  109  8:40  Zealot  
  113  8:41  Observer  
  113  8:45  Probe (Chrono Boost)  
  113  8:47  Sentry, Probe (Chrono Boost)  
  119  8:49  Probe (Chrono Boost)  
  119  8:55  Zealot  
  121  8:56  Probe (Chrono Boost)  
  121  8:59  Zealot, Probe (Chrono Boost)  
  121  9:00  Probe (Chrono Boost)  
  126  9:03  Pylon  
  126  9:08  Probe (Chrono Boost)  
  126  9:09  Zealot  
  122  9:10  Probe (Chrono Boost)  
  122  9:11  Probe (Chrono Boost)  
  122  9:15  Stalker  
  87  9:18  Sentry, Probe (Chrono Boost)  
  72  9:28  Probe x2 (Chrono Boost), High Templar  
  72  9:29  Probe (Chrono Boost)  
  77  9:36  High Templar  
  77  9:38  Assimilator  
  80  9:39  Zealot, Probe (Chrono Boost)  
  80  9:40  Probe (Chrono Boost)  
  80  9:41  Probe (Chrono Boost)  
  84  9:48  Immortal  
  84  9:50  Probe (Chrono Boost)  
  90  9:53  Probe (Chrono Boost)  
  90  9:54  Probe (Chrono Boost)  
  90  9:57  Zealot  
  90  9:58  Zealot  
  95  10:02  Probe (Chrono Boost)  
  95  10:05  Probe (Chrono Boost)  
  95  10:06  Zealot, Probe (Chrono Boost)  
  95  10:07  Archon  
  100  10:14  Probe (Chrono Boost)  
  101  10:16  Adept  
  101  10:17  High Templar  
  105  10:23  Immortal  
  105  10:25  High Templar  
  111  10:34  Zealot  
  113  10:42  Pylon  
  113  10:46  Zealot  
  113  10:48  Archon  
  113  10:49  Robotics Bay  
  115  10:52  Adept  
  115  10:54  Zealot  
  119  10:58  Immortal  
  123  11:04  Zealot  
  123  11:08  Pylon  
  123  11:10  Zealot  
  127  11:12  Zealot  
  121  11:23  Zealot  
  111  11:28  High Templar  
  111  11:30  High Templar  
  111  11:32  Forge  
  99  11:34  Immortal  
  98  11:41  Adept  
  100  11:48  Stargate  
  100  11:51  Archon  
  100  11:58  Zealot  
  100  12:00  Stalker, High Templar  
  106  12:07  Colossus  
  106  12:13  Forge  
  112  12:15  Pylon  
  112  12:16  Sentry  
  112  12:18  Pylon  
  112  12:21  Zealot  
  116  12:29  High Templar  
  118  12:31  Void Ray  
  122  12:37  Photon Cannon  
  122  12:38  Zealot  
  122  12:39  Stalker  
  126  12:48  Stargate  
  126  12:58  Zealot, Immortal  
  113  12:59  Adept  
  113  13:01  High Templar  
  88  13:06  Gateway  
  88  13:11  Pylon  
  84  13:13  Photon Cannon  
  84  13:16  Zealot  
  84  13:18  Stalker  
  80  13:31  Adept  
  80  13:32  Photon Cannon  
  80  13:35  Stalker  
  80  13:36  Observer  
  80  13:38  High Templar  
  80  13:40  Probe (Chrono Boost), Photon Cannon  
  76  13:41  Probe (Chrono Boost)  
  72  13:49  Stalker  
  72  13:50  Pylon  
  72  13:51  Probe (Chrono Boost)  
  72  13:53  Probe (Chrono Boost)  
  72  13:55  Photon Cannon  
  75  13:56  Colossus, High Templar  
  75  14:01  Adept  
  80  14:03  Probe (Chrono Boost)  
  80  14:09  Stalker  
  61  14:11  Sentry  
  61  14:15  Probe (Chrono Boost)  
  58  14:22  Zealot  
  59  14:27  Probe (Chrono Boost)  
  58  14:37  High Templar  
  31  14:38  Probe (Chrono Boost)  
  31  14:41  Adept  
  31  14:42  Zealot, Stalker  
  33  14:48  Immortal  
  33  14:50  Probe (Chrono Boost)  
  38  14:53  Nexus  
  38  14:56  Nexus  
  38  15:01  Assimilator, High Templar  
  38  15:02  Probe (Chrono Boost)  
  41  15:11  Archon  
Show
View Real Time Build Order
Export as new Build Order

A.I. 5 (Harder) Protoss 

Build Orders:  

Get SALT Encoding   

  12  0:01  Probe (Chrono Boost)  
  13  0:12  Probe (Chrono Boost)  
  14  0:20  Pylon  
  14  0:22  Probe (Chrono Boost)  
  15  0:38  Probe (Chrono Boost)  
  16  0:47  Assimilator  
  16  0:49  Probe (Chrono Boost)  
  17  0:50  Gateway  
  17  0:59  Probe (Chrono Boost), Pylon  
  18  1:10  Probe (Chrono Boost)  
  19  1:21  Probe (Chrono Boost)  
  20  1:35  Zealot  
  20  1:39  Cybernetics Core  
  22  1:42  Gateway  
  22  1:46  Assimilator  
  22  1:58  Zealot  
  22  2:08  Pylon  
  24  2:24  Zealot  
  26  2:30  Stalker  
  26  2:33  Warp Gate  
  28  2:39  Pylon  
  28  2:50  Stalker  
  30  2:58  Zealot  
  32  3:19  Zealot  
  32  3:24  Stalker  
  36  3:32  Pylon  
  36  3:45  Adept  
  38  3:51  Probe (Chrono Boost)  
  38  3:53  Adept  
  42  4:03  Probe (Chrono Boost)  
  42  4:06  Pylon  
  42  4:11  Zealot  
  42  4:15  Probe (Chrono Boost)  
  44  4:19  Zealot  
  44  4:23  Forge  
  46  4:26  Probe (Chrono Boost)  
  47  4:38  Probe (Chrono Boost)  
  48  4:46  Zealot  
  48  4:49  Probe (Chrono Boost)  
  51  4:57  Stalker  
  54  5:01  Probe (Chrono Boost)  
  54  5:26  Probe (Chrono Boost)  
  54  6:23  Protoss Ground Weapons Level 1  
  54  6:24  Sentry  
  56  6:26  Gateway  
  56  6:29  Twilight Council  
  56  6:32  Stalker, Photon Cannon  
  58  6:36  Photon Cannon  
  58  6:40  Pylon  
  58  6:41  Nexus  
  58  6:46  Stalker  
  60  6:53  Stalker  
  37  7:02  Blink  
  37  7:08  Zealot  
  35  7:15  Zealot  
  37  7:22  Zealot  
  39  7:30  Stalker  
  41  7:37  Stalker  
  43  7:44  Stalker  
  45  7:51  Adept  
  45  7:55  Probe (Chrono Boost)  
  45  7:57  Probe (Chrono Boost)  
  49  7:59  Stalker  
  52  8:06  Sentry, Probe (Chrono Boost)  
  52  8:07  Protoss Ground Armor Level 1  
  52  8:09  Probe (Chrono Boost)  
  55  8:14  Stalker  
  55  8:18  Probe (Chrono Boost)  
  59  8:21  Probe (Chrono Boost)  
  59  8:22  Adept  
  59  8:23  Robotics Facility  
  61  8:29  Stalker  
  61  8:34  Probe (Chrono Boost)  
  64  8:37  Probe (Chrono Boost)  
  65  8:45  Probe (Chrono Boost)  
  65  8:46  Pylon  
  65  8:48  Probe (Chrono Boost)  
  67  8:56  Pylon  
  67  8:57  Probe (Chrono Boost)  
  67  8:58  Probe (Chrono Boost)  
  69  9:06  Stargate  
  69  9:08  Probe (Chrono Boost)  
  69  9:09  Observer  
  69  9:15  Forge  
  70  9:20  Photon Cannon  
  70  9:27  Photon Cannon  
  70  9:28  Observer  
  71  10:03  Assimilator  
  71  10:11  Assimilator  
  71  10:21  Warp Prism  
  71  10:22  Phoenix  
  71  10:28  Gateway  
  75  10:34  Robotics Facility  
  75  10:35  Nexus  
  75  10:43  Void Ray  
  75  10:48  Stargate  
  79  10:50  Zealot  
  79  10:53  Warp Prism  
  83  11:15  Probe (Chrono Boost)  
  83  11:16  Pylon  
  74  11:19  Warp Prism  
  74  11:24  Void Ray  
  60  11:25  Zealot  
  60  11:27  Gateway  
  60  11:29  Observer  
  60  11:30  Stalker  
  63  11:34  Phoenix  
  65  11:41  Stalker  
  65  11:46  Sentry  
  69  11:51  Zealot  
  71  11:56  Zealot  
  73  12:02  Stalker  
  73  12:08  Stalker  
  77  12:13  Stalker  
  79  12:16  Probe (Chrono Boost)  
  79  12:18  Probe (Chrono Boost), Sentry, Protoss Ground Weapons Level 2  
  79  12:21  Probe (Chrono Boost)  
  84  12:28  Probe (Chrono Boost)  
  84  12:29  Protoss Ground Armor Level 2  
  86  12:31  Probe (Chrono Boost)  
  86  12:33  Probe (Chrono Boost)  
  87  12:39  Probe (Chrono Boost)  
  87  12:41  Probe (Chrono Boost)  
  90  12:44  Probe (Chrono Boost)  
  90  12:49  Probe (Chrono Boost)  
  91  12:52  Probe (Chrono Boost)  
  91  12:56  Probe (Chrono Boost)  
  93  13:03  Probe (Chrono Boost)  
  93  13:05  Probe (Chrono Boost)  
  95  13:07  Probe (Chrono Boost)  
  96  13:14  Probe (Chrono Boost)  
  96  13:18  Sentry  
  97  13:21  Protoss Air Weapons Level 1, Probe (Chrono Boost)  
  97  13:23  Probe (Chrono Boost)  
  97  13:25  Probe (Chrono Boost)  
  99  13:52  Assimilator  
  99  13:56  Assimilator, Adept  
  99  14:02  Immortal  
  101  14:08  Stalker  
  85  14:12  Zealot  
  73  14:17  Zealot  
  73  14:18  Zealot  
  73  14:19  Zealot  
  73  14:21  Mothership Core (Chrono Boost)  
  81  14:29  Stalker, Nexus  
  83  14:34  Stalker  
  85  14:39  Stalker  
  85  14:44  Sentry  
  89  14:48  Adept  
  91  14:54  Stalker  
  91  14:56  Warp Prism  
  91  14:57  Warp Prism  
  91  14:58  Stalker  
  90  15:03  Sentry  
  88  15:07  Zealot  
  88  15:09  Stalker  
  75  15:16  Stalker  
  75  15:21  Zealot, Mothership Core (Chrono Boost)  
  36  16:00  Zealot  
  36  16:02  Probe (Chrono Boost)  
  36  16:03  Probe (Chrono Boost)  
  32  16:04  Stalker  
  32  16:09  Zealot  
  36  16:13  Stalker, Probe (Chrono Boost)  
  36  16:16  Stalker, Mothership Core (Chrono Boost)  
  38  16:21  Stalker  
  35  16:26  Adept  
  35  16:29  Stalker  
  37  16:37  Pylon  
  35  16:42  Pylon  
  35  16:44  Sentry  
  30  16:48  Stalker  
  30  16:50  Mothership Core (Chrono Boost)  
  30  16:51  Stalker  
  27  17:10  Zealot  
  27  17:12  Stalker  
  25  17:21  Pylon  
Tags
 
Add a new tag
Caveats
  • Supply blocks, unpowered buildings, or Contaminate may cause inaccurate times.
  • Supply counts are checked every 10 seconds.